 Dungeon Crawl Stone Soup version 0.29.0-4-gdea44cf6ec (webtiles) character file.

Game seed: 5000896794225891172

24 qw the Chopper (level 3, 0/21 HPs)
             Began as a Tengu Warper on Aug 28, 2022.
             Succumbed to their own poison gas
             ... on level 1 of the Dungeon.
             The game lasted 00:00:05 (1092 turns).

qw the Chopper (Tengu Warper)                       Turns: 1092, Time: 00:00:06

Health: 0/21       AC:  3    Str: 13    XL:     3   Next: 2%
Magic:  7/7        EV: 12    Int: 11    God:
Gold:   91         SH:  4    Dex: 19    Spells: 6/6 levels left

rFire   . . .      SeeInvis .   Y - +1 hand axe
rCold   . . .      Faith    .   j - +0 buckler
rNeg    . . .      Spirit   .   b - +0 leather armour
rPois   .          Reflect  .   (helmet restricted)
rElec   .          Harm     .   (no cloak)
rCorr   .          Rampage  .   (no gloves)
Will    .....                   (boots unavailable)
Stlth   +.........              (no amulet)
HPRegen 0.07/turn               l - +6 ring of dexterity
MPRegen 0.10/turn               (no ring)

@: lethally poisoned (0 -> 0)
A: beak, talons 3, dopey 1
a: no special abilities


You were on level 1 of the Dungeon.
You visited 1 branch of the dungeon, and saw 1 of its levels.

You collected 91 gold pieces.


Innate Abilities, Weirdness & Mutations

You have a beak for a mouth.
You have claws for feet.
You are dopey. (Int -2)


   Skills:
 - Level 2.0 Fighting
 - Level 3.7 Axes
 - Level 1.0 Throwing
 - Level 1.1 Armour
 - Level 2.1 Dodging
 + Level 0.0 Shields
 - Level 2.0 Spellcasting
 - Level 2.4 Translocations


You had 6 spell levels left.
You didn't know any spells.
Your spell library contained the following spells:

 Spells                   Type           Power      Damage    Failure   Level
 Blink                    Tloc           12%        N/A       28%         2
 Gell's Gravitas          Tloc           6%         N/A       50%         3
 Lesser Beckoning         Tloc           6%         N/A       50%         3
 Teleport Other           Tloc           6%         N/A       50%         3
 Manifold Assault         Tloc           6%         N/A       99%         5

Inventory:

Hand Weapons
 i - a +0 club
 Y - a +1 hand axe (weapon)
Armour
 b - a +0 leather armour (worn)
 j - a +0 buckler (worn)
Jewellery
 l - a +6 ring of dexterity (left hand)
Potions
 g - a potion of flight {unknown}
 h - a potion of haste {unknown}

Dungeon Overview and Level Annotations

Branches:
Dungeon (1/15)

Altars:

Shops:
D:1 [


Message History

Done exploring.
1080 ||| READING scroll labelled TUUNOR DUERI.
As you read the scroll labelled TUUNOR DUERI, it crumbles to dust.
It is a scroll of identify.
Really abort (and waste the scroll)?
Done exploring.
1081 ||| DRINKING 2 bubbling ruby potions.
It was a potion of mutation.
You feel extremely strange.
You feel weirdly uncertain.
1082 ||| DRINKING potion of mutation.
You feel extremely strange.
You feel stable.
You feel stupid.
Done exploring.
1083 ||| DROPPING scroll of blinking.
You drop a scroll of blinking.
Done exploring.
(D) Dungeon
Where to? (* - list waypoints, ? - help)
What level of the Dungeon? (default 1, ? - help) Sorry, I don't know how to get there.
Done exploring.
1084 ||| Stepping randomly (stuck).
Really walk into that cloud of poison gas?
You are engulfed in poison gas.
You are poisoned.
You feel very sick.
1085 ||| Stepping ~*~*~tactically~*~*~ (cloud).
You feel very sick.
You see here a scroll of blinking.
There is a lethal amount of poison in your body!
You feel sick.
There is a lethal amount of poison in your body!
You feel sick.
There is a lethal amount of poison in your body!
You feel sick.
There is a lethal amount of poison in your body!
You feel sick.
There is a lethal amount of poison in your body!
You feel sick.
There is a lethal amount of poison in your body!
You feel sick.
There is a lethal amount of poison in your body!
You die...

#.#......#.....#.#.#####.###.7.##
#.#..###...###..###........#...#.
#.#..# ##.## #.#.#.####....##+##.
#.#..# #.# #.##.#####..........
#.#..# #.####..........#########
#.#..# #.........###............
#.#..#########.##.# #..##########
#.%......00..0¤##.# #............
###......0¤.00.¤@¤# #############
#...############# #####


There were no monsters in sight!

Vanquished Creatures
  5 bats (D:1)
  2 endoplasms (D:1)
  3 hobgoblins (D:1)
  6 jackals (D:1)
  A goblin (D:1)
  4 kobolds (D:1)
  A rat (D:1)
22 creatures vanquished.

Vanquished Creatures (others)
  2 plants (D:1)
2 creatures vanquished.

Grand Total: 24 creatures vanquished

Notes
Turn   | Place    | Note
-------+----------+-------------------------------------------
     0 | D:1      | qw the Tengu Warper began the quest for the Orb.
     0 | D:1      | Reached XP level 1. HP: 12/12 MP: 4/4
     0 | D:1      | 0 ||| qw: Version: 0.1-a-89-g26bdef1
     0 | D:1      | 0 ||| qw: Game counter: 3221
     0 | D:1      | 0 ||| qw: Always use a shield: true
     0 | D:1      | 0 ||| qw: God list: Okawaru
     0 | D:1      | 0 ||| qw: Allow faded altars: false
     0 | D:1      | 0 ||| qw: Do Orc after D:15 true
     0 | D:1      | 0 ||| qw: Do second Lair branch before Depths: true
     0 | D:1      | 0 ||| qw: Lair rune preference: random
     0 | D:1      | 0 ||| qw: Plans: Normal
     0 | D:1      | 0 ||| PLANNING D:1-11
    15 | D:1      | Found Xeapeut's Armour Shop.
    21 | D:1      | 21 ||| SHOPLISTING +0 chain mail (58 gold, have 0).
    21 | D:1      | 21 ||| SHOPLISTING +0 leather armour of Beogh's Hope
                  | {+Blink rPois Slay+3} (426 gold, have 0).
    21 | D:1      | 21 ||| SHOPLISTING +0 plate armour (299 gold, have 0).
    21 | D:1      | 21 ||| SHOPLISTING +0 ring mail (52 gold, have 0).
    21 | D:1      | 21 ||| SHOPLISTING +0 scale mail of fire resistance (143
                  | gold, have 0).
   140 | D:1      | 140 ||| Stepping ~*~*~tactically~*~*~ (stealth).
   149 | D:1      | 149 ||| Stepping ~*~*~tactically~*~*~ (stealth).
   156 | D:1      | Reached XP level 2. HP: 14/17 MP: 6/6
   162 | D:1      | 162 ||| Stepping ~*~*~tactically~*~*~ (stealth).
   206 | D:1      | 206 ||| Stepping ~*~*~tactically~*~*~ (stealth).
   210 | D:1      | Reached skill level 3 in Axes
   286 | D:1      | 286 ||| Stepping ~*~*~tactically~*~*~ (stealth).
   322 | D:1      | HP: 4/17 [hobgoblin (3)]
   706 | D:1      | 706 ||| Stepping ~*~*~tactically~*~*~ (stealth).
  1026 | D:1      | Reached XP level 3. HP: 20/21 MP: 7/7
  1072 | D:1      | 1072 ||| UPGRADING to +0 buckler.
  1077 | D:1      | 1077 ||| UPGRADING to +6 ring of dexterity.
  1078 | D:1      | 1078 ||| READING scroll labelled XUDEAP DAUROSY.
  1079 | D:1      | 1079 ||| READING scroll labelled DIRUEPNUITZ.
  1080 | D:1      | 1080 ||| READING scroll labelled TUUNOR DUERI.
  1081 | D:1      | 1081 ||| DRINKING 2 bubbling ruby potions.
  1081 | D:1      | Gained mutation: You are occasionally teleported next to
                  | monsters. [potion of mutation]
  1082 | D:1      | 1082 ||| DRINKING potion of mutation.
  1082 | D:1      | Lost mutation: You are occasionally teleported next to
                  | monsters. [potion of mutation]
  1082 | D:1      | Gained mutation: You are dopey. (Int -2) [potion of
                  | mutation]
  1083 | D:1      | 1083 ||| DROPPING scroll of blinking.
  1084 | D:1      | 1084 ||| Stepping randomly (stuck).
  1085 | D:1      | 1085 ||| Stepping ~*~*~tactically~*~*~ (cloud).
  1088 | D:1      | HP: 4/21 [poisoned by you (poison gas)]
  1091 | D:1      | HP: 1/21 [poisoned by you (poison gas)]
  1092 | D:1      | Succumbed to their own poison gas

Levels and vault maps discovered:
D:1:      dpeg_arrival_simpleton_c, layout_loops_ring, serial_forest,
          infiniplex_forest_straight_2, infiniplex_forest_clump_small,
          infiniplex_forest_clump_tiny, infiniplex_forest_lined_corner,
          infiniplex_forest_corner_1, infiniplex_forest_clump_C,
          infiniplex_forest_straight_2, serial_shops, shop

Skill      XL: |  1  2 |
---------------+-------+-----
Axes           | 3 |  3.7
Fighting       | |  2.0
Throwing       | |  1.0
Armour         | |  1.1
Dodging        | |  2.1
Spellcasting   | |  2.0
Translocations | |  2.4

Action                   || total
-------------------------++-------
Melee: Hand axe          ||    55
       Peck              ||     7
       Kick              ||     7
Throw: Boomerang         ||     7
  Use: Scroll            ||     3
       Potion            ||     2
Armor: Leather armour    ||    15
Dodge: Dodged            ||    40

Table legend:
 A = Non-vault XP
 B = Vault XP
 C = Vault XP percentage of total XP
 D = Non-vault monster count
 E = Vault monster count
 F = Vault count percentage of total count
                 A         B        C        D         E       F
            +---------+---------+-------+---------+---------+-------
      Total |      35 |       0 |   0.0 |      22 |       0 |   0.0
            +---------+---------+-------+---------+---------+-------
        D:1 |      35 |       0 |   0.0 |      22 |       0 |   0.0
            +---------+---------+-------+---------+---------+-------
